TOP OF THE 1ST |
University of California Golden Bears batting - Pitching for Pennsylvania State University Nittany Lions : RHP Ian Hancock
|
Pitching: RHP Ian Hancock
|
|
Batting: RHB Mike Trueblood
|
0-0: Foul Ball, location: 2F 0-1: Ball 1-1: Ball 2-1: Foul Ball, location: 2F 2-2: Strikes out swinging
|
Batting: RHB Ken Hahn
|
0-0: Ball 1-0: Called Strike 1-1: Swinging Strike 1-2: Ground out 5-3 (Groundball, 5, EV 92.5 MPH)
|
Batting: LHB Carlos Gaona
|
0-0: Ball 1-0: Swinging Strike 1-1: Fly out, F8 (Flyball, 8RXD, EV 105.6 MPH)
|
Top of the 1st over - 0 runs, 0 hits, 0 errors, 0 left on base; University of California 0 - Pennsylvania State University 0 |
BOTTOM OF THE 1ST |
Pennsylvania State University Nittany Lions batting - Pitching for University of California Golden Bears : LHP Leo Gomez
|
Pitching: LHP Leo Gomez
|
|
Batting: RHB Jesse Bandt
|
0-0: Ball 1-0: SINGLE (Groundball, 5S, EV 73.8 MPH) (infield hit)
|
Batting: RHB Pete Martin
|
0-0: Fly out, F7 (Flyball, 78M, EV 88.1 MPH)
|
Batting: RHB Josh Ebeling
|
0-0: Called Strike 0-1: Swinging Strike 0-2: Foul Ball, location: 2F 0-2: Ball 1-2: Ball 2-2: Ball 3-2: Fly out, F8 (Flyball, 8LXD, EV 96.9 MPH)
|
Batting: RHB Rob Hinojosa
|
0-0: Called Strike 0-1: SINGLE (Groundball, 13, EV 88.8 MPH) (infield hit) Jesse Bandt to second
|
Batting: RHB Victor Victorino
|
0-0: Foul Ball, location: 2F 0-1: Ball 1-1: Foul Ball, location: 2F 1-2: Foul Ball, location: 2F 1-2: Ball 2-2: Fly out, F7 (Line Drive, 7S, EV 105.6 MPH)
|
Bottom of the 1st over - 0 runs, 2 hits, 0 errors, 2 left on base; University of California 0 - Pennsylvania State University 0 |
TOP OF THE 2ND |
University of California Golden Bears batting - Pitching for Pennsylvania State University Nittany Lions : RHP Ian Hancock
|
Batting: RHB Nate Mahon
|
0-0: Ball 1-0: Ball 2-0: Ball 3-0: Base on Balls
|
Batting: RHB Steve Kirby
|
0-0: Called Strike 0-1: Foul Ball, location: 2F 0-2: Ball 1-2: Ball 2-2: Ball 3-2: Base on Balls Nate Mahon to second
|
Batting: SHB Nick Jansen
|
0-0: Called Strike 0-1: Ball 1-1: Swinging Strike 1-2: SINGLE (Groundball, 15S, EV 75.6 MPH) (infield hit) Nate Mahon to third Steve Kirby to second
|
Batting: RHB Shawn Jansen
|
0-0: Called Strike 0-1: Called Strike 0-2: Ball 1-2: Ball 2-2: Fly out, F8 (Line Drive, 8RM, EV 93.8 MPH) Runner from 3rd tags up, SCORES, throw by CF
|
Batting: LHB Pavla Markianov
|
0-0: Foul Ball, location: 2F 0-1: Ball 1-1: Ball 2-1: Swinging Strike 2-2: Ball 3-2: Foul Ball, location: 2F 3-2: Base on Balls Steve Kirby to third Nick Jansen to second
|
Batting: RHB Juan Debayle
|
0-0: Called Strike 0-1: Ball 1-1: Foul Ball, location: 2F 1-2: Ball 2-2: Ball 3-2: Grounds into double play, 4-6-3 (Groundball, 4, EV 87.5 MPH)
|
Top of the 2nd over - 1 run, 1 hit, 0 errors, 2 left on base; University of California 1 - Pennsylvania State University 0 |
BOTTOM OF THE 2ND |
Pennsylvania State University Nittany Lions batting - Pitching for University of California Golden Bears : LHP Leo Gomez
|
Batting: RHB Joe Strachan
|
0-0: Fly out, F9 (Line Drive, 89M, EV 100.6 MPH)
|
Batting: RHB Guy Jock
|
0-0: Swinging Strike 0-1: Foul Ball, location: 2F 0-2: Strikes out swinging
|
Batting: RHB James Steinmetz
|
0-0: Ball 1-0: Ground out 6-3 (Groundball, 6, EV 108.8 MPH)
|
Bottom of the 2nd over - 0 runs, 0 hits, 0 errors, 0 left on base; University of California 1 - Pennsylvania State University 0 |
TOP OF THE 3RD |
University of California Golden Bears batting - Pitching for Pennsylvania State University Nittany Lions : RHP Ian Hancock
|
Batting: RHB Mike Trueblood
|
0-0: Fly out, F8 (Flyball, 8RD, EV 101.9 MPH)
|
Batting: RHB Ken Hahn
|
0-0: Fly out, F9 (Flyball, 9D, EV 99.4 MPH)
|
Batting: LHB Carlos Gaona
|
0-0: Ball 1-0: Swinging Strike 1-1: Swinging Strike 1-2: Strikes out looking
|
Top of the 3rd over - 0 runs, 0 hits, 0 errors, 0 left on base; University of California 1 - Pennsylvania State University 0 |
BOTTOM OF THE 3RD |
Pennsylvania State University Nittany Lions batting - Pitching for University of California Golden Bears : LHP Leo Gomez
|
Batting: RHB Pat Betancourt
|
0-0: Called Strike 0-1: Ball 1-1: Foul Ball, location: 2F 1-2: Ball 2-2: Ball 3-2: Strikes out swinging
|
Batting: RHB Jesse Bandt
|
0-0: Swinging Strike 0-1: Fly out, F3 (Popup, 3SF, EV 73.8 MPH)
|
Batting: RHB Pete Martin
|
0-0: SINGLE (Flyball, 89S, EV 86.2 MPH)
|
Batting: RHB Josh Ebeling
|
0-0: Fly out, F9 (Flyball, 9, EV 88.1 MPH)
|
Bottom of the 3rd over - 0 runs, 1 hit, 0 errors, 1 left on base; University of California 1 - Pennsylvania State University 0 |
TOP OF THE 4TH |
University of California Golden Bears batting - Pitching for Pennsylvania State University Nittany Lions : RHP Ian Hancock
|
Batting: RHB Nate Mahon
|
0-0: Swinging Strike 0-1: Swinging Strike 0-2: Ball 1-2: Foul Ball, location: 2F 1-2: Strikes out looking
|
Batting: RHB Steve Kirby
|
0-0: Foul Ball, location: 2F 0-1: Fly out, F9 (Flyball, 9, EV 92.5 MPH)
|
Batting: SHB Nick Jansen
|
0-0: Fly out, F7 (Flyball, 7S, EV 83.1 MPH)
|
Top of the 4th over - 0 runs, 0 hits, 0 errors, 0 left on base; University of California 1 - Pennsylvania State University 0 |
BOTTOM OF THE 4TH |
Pennsylvania State University Nittany Lions batting - Pitching for University of California Golden Bears : LHP Leo Gomez
|
Batting: RHB Rob Hinojosa
|
0-0: Called Strike 0-1: Reached on error, E3 (Groundball, 34, EV 89.4 MPH)
|
Batting: RHB Victor Victorino
|
0-0: Called Strike 0-1: Fly out, F7 (Flyball, 7, EV 90.0 MPH)
|
Batting: RHB Joe Strachan
|
0-0: Ball 1-0: Foul Ball, location: 2F 1-1: Ball 2-1: SINGLE (Line Drive, 56D, EV 98.8 MPH) Rob Hinojosa to second
|
Batting: RHB Guy Jock
|
0-0: Fly out, F3 (Line Drive, 3, EV 71.2 MPH)
|
Batting: RHB James Steinmetz
|
0-0: Swinging Strike 0-1: Foul Ball, location: 2F 0-2: Strikes out swinging
|
Bottom of the 4th over - 0 runs, 1 hit, 1 error, 2 left on base; University of California 1 - Pennsylvania State University 0 |
TOP OF THE 5TH |
University of California Golden Bears batting - Pitching for Pennsylvania State University Nittany Lions : RHP Ian Hancock
|
Now in LF: Perry Brantley
|
|
Batting: RHB Shawn Jansen
|
0-0: Called Strike 0-1: Ball 1-1: Called Strike 1-2: Foul Ball, location: 2F 1-2: Foul Ball, location: 2F 1-2: SINGLE (Line Drive, 89S, EV 89.4 MPH)
|
Batting: LHB Pavla Markianov
|
0-0: Ball 1-0: SINGLE (Line Drive, 34, EV 93.8 MPH) Shawn Jansen to second
|
Batting: RHB Juan Debayle
|
0-0: Ball 1-0: Foul Ball, location: 2F 1-1: Sac Bunt to 15 - play at third, runner OUT! 1-6 Pavla Markianov to second
|
Batting: RHB Mike Trueblood
|
0-0: Ball 1-0: Fielders Choice at 2nd, 6-4 (Groundball, 6M, EV 83.1 MPH) Pavla Markianov to third
|
Batting: RHB Ken Hahn
|
0-0: Ball 1-0: Foul Ball, location: 2F 1-1: Ball 2-1: Ground out 4-3 (Groundball, 4, EV 106.2 MPH)
|
Top of the 5th over - 0 runs, 2 hits, 0 errors, 2 left on base; University of California 1 - Pennsylvania State University 0 |
BOTTOM OF THE 5TH |
Pennsylvania State University Nittany Lions batting - Pitching for University of California Golden Bears : LHP Leo Gomez
|
Batting: RHB Pat Betancourt
|
0-0: Ball 1-0: Ball 2-0: Foul Ball, location: 2F 2-1: Fly out, F8 (Flyball, 89M, EV 86.9 MPH)
|
Batting: RHB Jesse Bandt
|
0-0: Called Strike 0-1: Ball 1-1: Foul Ball, location: 2F 1-2: Foul Ball, location: 2F 1-2: Ball 2-2: Foul Ball, location: 2F 2-2: Strikes out looking
|
Batting: RHB Perry Brantley
|
0-0: Ball 1-0: Ball 2-0: Fly out, F7 (Flyball, 78D, EV 101.9 MPH)
|
Bottom of the 5th over - 0 runs, 0 hits, 0 errors, 0 left on base; University of California 1 - Pennsylvania State University 0 |
TOP OF THE 6TH |
University of California Golden Bears batting - Pitching for Pennsylvania State University Nittany Lions : RHP Ian Hancock
|
Pitching: RHP David Cantu
|
|
Now at 3B: Kevin Claus
|
|
Pinch Hitting: RHB Ivan Rivera
|
0-0: Foul Ball, location: 2F 0-1: Foul Ball, location: 2F 0-2: Foul Ball, location: 2F 0-2: Fly out, F9 (Flyball, 9S, EV 73.8 MPH)
|
Batting: RHB Nate Mahon
|
0-0: Ground out 5-3 (Groundball, 56, EV 103.1 MPH)
|
Batting: RHB Steve Kirby
|
0-0: Called Strike 0-1: Ball 1-1: Foul Ball, location: 2F 1-2: Strikes out swinging
|
Top of the 6th over - 0 runs, 0 hits, 0 errors, 0 left on base; University of California 1 - Pennsylvania State University 0 |
BOTTOM OF THE 6TH |
Pennsylvania State University Nittany Lions batting - Pitching for University of California Golden Bears : LHP Leo Gomez
|
Now in LF: Ivan Rivera
|
|
Batting: RHB Josh Ebeling
|
0-0: Ball 1-0: DOUBLE (Line Drive, 78XD, EV 103.8 MPH)
|
Batting: RHB Rob Hinojosa
|
0-0: Swinging Strike 0-1: Swinging Strike 0-2: Ball 1-2: Strikes out looking
|
Batting: RHB Kevin Claus
|
0-0: Ball 1-0: Ball 2-0: Called Strike 2-1: Ball 3-1: Foul Ball, location: 2F 3-2: Foul Ball, location: 2F 3-2: Base on Balls
|
Pinch Hitting: RHB Francisco Velazquez
|
0-0: Called Strike 0-1: Fly out, F9 (Flyball, 9, EV 87.5 MPH)
|
Batting: RHB Preki Nedic
|
0-0: Ball 1-0: Called Strike 1-1: Swinging Strike 1-2: Foul Ball, location: 2F 1-2: Strikes out swinging
|
Bottom of the 6th over - 0 runs, 1 hit, 0 errors, 2 left on base; University of California 1 - Pennsylvania State University 0 |
TOP OF THE 7TH |
University of California Golden Bears batting - Pitching for Pennsylvania State University Nittany Lions : RHP David Cantu
|
Pitching: RHP Melvin Nambo
|
|
Now at 2B: Francisco Velazquez
|
|
Batting: SHB Nick Jansen
|
0-0: Ball 1-0: Ball 2-0: Ball 3-0: Called Strike 3-1: Foul Ball, location: 2F 3-2: Foul Ball, location: 2F 3-2: Foul Ball, location: 2F 3-2: Strikes out swinging
|
Batting: RHB Shawn Jansen
|
0-0: Foul Ball, location: 2F 0-1: Fly out, F7 (Flyball, 7, EV 82.5 MPH)
|
Batting: LHB Pavla Markianov
|
0-0: Swinging Strike 0-1: Ball 1-1: Ball 2-1: Hit by Pitch
|
Batting: RHB Juan Debayle
|
0-0: Ball 1-0: Ball 2-0: Ball 3-0: Called Strike 3-1: Called Strike 3-2: TRIPLE (Flyball, 89XD, EV 106.2 MPH) Pavla Markianov scores
|
Batting: RHB Mike Trueblood
|
0-0: Swinging Strike 0-1: Swinging Strike 0-2: Ball 1-2: Strikes out swinging
|
Top of the 7th over - 1 run, 1 hit, 0 errors, 1 left on base; University of California 2 - Pennsylvania State University 0 |
BOTTOM OF THE 7TH |
Pennsylvania State University Nittany Lions batting - Pitching for University of California Golden Bears : LHP Leo Gomez
|
Pitching: LHP Chad Torres
|
|
Batting: RHB James Steinmetz
|
0-0: Ground out 1-3 (Groundball, 13, EV 70.0 MPH)
|
Batting: RHB Pat Betancourt
|
0-0: Ball 1-0: Ball 2-0: SINGLE (Flyball, 78S, EV 91.9 MPH)
|
Batting: RHB Jesse Bandt
|
0-0: Foul Ball, location: 2F 0-1: Ball 1-1: Foul Ball, location: 2F 1-2: Fly out, F7 (Flyball, 7S, EV 86.9 MPH)
|
Batting: RHB Perry Brantley
|
0-0: Ball 1-0: Foul Ball, location: 2F 1-1: Ball 2-1: Foul Ball, location: 2F 2-2: Ball 3-2: Strikes out swinging
|
Bottom of the 7th over - 0 runs, 1 hit, 0 errors, 1 left on base; University of California 2 - Pennsylvania State University 0 |
TOP OF THE 8TH |
University of California Golden Bears batting - Pitching for Pennsylvania State University Nittany Lions : RHP Melvin Nambo
|
Batting: RHB Ken Hahn
|
0-0: Called Strike 0-1: SOLO HOME RUN (Flyball, 89XD, EV 103.1 MPH), Distance : 416 ft
|
Batting: RHB Ivan Rivera
|
0-0: Ball 1-0: Fly out, F8 (Line Drive, 8RM, EV 97.5 MPH)
|
Batting: RHB Nate Mahon
|
0-0: Ball 1-0: Ball 2-0: SINGLE (Groundball, 6D, EV 94.4 MPH)
|
Batting: RHB Steve Kirby
|
0-0: Called Strike 0-1: Swinging Strike 0-2: Ball 1-2: Foul Ball, location: 2F 1-2: Strikes out swinging
|
Pitching: RHP Hector Guzman
|
|
Batting: SHB Nick Jansen
|
0-0: Ball 1-0: Called Strike 1-1: Called Strike 1-2: Ball 2-2: Ground out U3 (Groundball, 3S, EV 91.2 MPH)
|
Top of the 8th over - 1 run, 2 hits, 0 errors, 1 left on base; University of California 3 - Pennsylvania State University 0 |
BOTTOM OF THE 8TH |
Pennsylvania State University Nittany Lions batting - Pitching for University of California Golden Bears : LHP Chad Torres
|
Pitching: RHP Howie Abrams
|
|
Batting: RHB Josh Ebeling
|
0-0: Fly out, F8 (Flyball, 8RXD, EV 98.1 MPH)
|
Batting: RHB Rob Hinojosa
|
0-0: Swinging Strike 0-1: Called Strike 0-2: SINGLE (Groundball, 6D, EV 103.8 MPH)
|
Batting: RHB Kevin Claus
|
0-0: Ball 1-0: Fielders Choice at 2nd, 6-4 (Groundball, 56, EV 80.0 MPH)
|
Batting: RHB Francisco Velazquez
|
0-0: Called Strike 0-1: Called Strike 0-2: Strikes out swinging
|
Bottom of the 8th over - 0 runs, 1 hit, 0 errors, 1 left on base; University of California 3 - Pennsylvania State University 0 |
TOP OF THE 9TH |
University of California Golden Bears batting - Pitching for Pennsylvania State University Nittany Lions : RHP Hector Guzman
|
Pitching: LHP J.P. Wolfgang
|
|
Batting: RHB Shawn Jansen
|
0-0: Ball 1-0: Swinging Strike 1-1: Ball 2-1: Ball 3-1: Base on Balls
|
Batting: LHB Pavla Markianov
|
0-0: Called Strike 0-1: Ball 1-1: Ball 2-1: Ball 3-1: 2-RUN HOME RUN (Flyball, 9LD, EV 95.0 MPH), Distance : 338 ft
|
Batting: RHB Juan Debayle
|
0-0: Ball 1-0: Ball 2-0: Ball 3-0: Called Strike 3-1: Called Strike 3-2: Base on Balls
|
Batting: RHB Mike Trueblood
|
0-0: Called Strike 0-1: Ball 1-1: Fielders Choice at 2nd, 2-4 (Groundball, 15S, EV 70.6 MPH)
|
Pitching: RHP Jamie Galarza
|
|
Batting: RHB Ken Hahn
|
0-0: Ball 1-0: Ball 2-0: Ball 3-0: Base on Balls Mike Trueblood to second
|
Batting: RHB Ivan Rivera
|
0-0: Ball 1-0: Fly out, F7 (Line Drive, 7LM, EV 90.6 MPH)
|
Batting: RHB Nate Mahon
|
0-0: Fly out, F9 (Flyball, 89D, EV 100.6 MPH)
|
Top of the 9th over - 2 runs, 1 hit, 0 errors, 2 left on base; University of California 5 - Pennsylvania State University 0 |
BOTTOM OF THE 9TH |
Pennsylvania State University Nittany Lions batting - Pitching for University of California Golden Bears : RHP Howie Abrams
|
Pitching: LHP Adam Gavel
|
|
Batting: RHB Preki Nedic
|
0-0: Ball 1-0: Ball 2-0: Fly out, F9 (Line Drive, 9, EV 86.9 MPH)
|
Batting: RHB James Steinmetz
|
0-0: Ball 1-0: Fly out, F7 (Flyball, 7D, EV 105.6 MPH)
|
Pinch Hitting: LHB Dan Lape
|
0-0: Ball 1-0: Ball 2-0: Ball 3-0: Base on Balls
|
Batting: RHB Jesse Bandt
|
0-0: Ball 1-0: Fly out, F7 (Line Drive, 78M, EV 98.8 MPH)
|
Bottom of the 9th over - 0 runs, 0 hits, 0 errors, 1 left on base; University of California 5 - Pennsylvania State University 0 |
|